 Dungeon Crawl Stone Soup version 0.27.0-1-g7a089689b8 (webtiles) character file.

Game seed: 6634522687587295404

1388 MajorAdolf the Charlatan (level 8, -5/69 HPs)
             Began as a Naga Wanderer on Aug 11, 2021.
             Was an Initiate of Ru.
             Slain by an orc (10 damage)
             ... on level 6 of the Dungeon.
             The game lasted 00:19:03 (7896 turns).

MajorAdolf the Charlatan (Naga Wanderer)            Turns: 7896, Time: 00:19:04

Health: -5/69      AC:  3    Str: 17    XL:     8   Next: 68%
Magic:  11/13      EV:  9    Int: 15    God:    Ru [......]
Gold:   330        SH:  0    Dex:  8    Spells: 12/14 levels left

rFire    . . .     SeeInvis +   p - +2 hand axe (freeze)
rCold    . . .     Faith    .   (no shield)
rNeg     . . .     Spirit   .   e - +0 robe
rPois    +         Reflect  .   (no helmet)
rElec    .         Harm     .   (no cloak)
rCorr    .         Rampage  .   (no gloves)
Will     +....                  (no barding)
Stlth    ++........             h - amulet of regeneration
HPRegen  1.21/turn              t - ring of flight
MPRegen  0.13/turn              b - ring of wizardry

@: wereblooded, flying, very slow
A: AC +2, large, see invisible, deformed body, poison resistance, slowness 2,
spit poison 1, naga tail 1
a: Spit Poison, Renounce Religion


You were on level 6 of the Dungeon.
You worshipped Ru.
Ru was noncommittal.
You visited 2 branches of the dungeon, and saw 8 of its levels.

You collected 330 gold pieces.

Inventory:

Hand Weapons
 a - a +1 trident of venom
 d - a +0 hand axe
 k - a +0 hunting sling
 p - a +2 hand axe of freezing (weapon)
 r - a +2 rapier of draining
Missiles
 l - 120 stones
Armour
 e - a +0 robe (worn)
 s - a +0 scale mail
Jewellery
 b - a ring of wizardry (right hand)
 h - an amulet of regeneration (around neck)
 t - a ring of flight (left hand)
Wands
 n - a wand of iceblast (15)
 u - a wand of paralysis (1)
 w - a wand of mindburst (4)
Scrolls
 c - a scroll of teleportation
 f - 2 scrolls of fog
 g - a scroll of magic mapping
 j - 2 scrolls of vulnerability
 o - a scroll of blinking {unknown}
 q - 2 scrolls of enchant armour {unknown}
 y - a scroll of fear {unknown}
Potions
 m - 2 potions of attraction {unknown}
 v - 2 potions of heal wounds {unknown}
 x - a potion of ambrosia {unknown}
 z - a potion of flight {unknown}


   Skills:
 - Level 3.0 Fighting
 + Level 5.1 Axes
 - Level 1.0 Bows
 - Level 2.4 Armour
 - Level 5.0 Stealth
 + Level 3.8 Spellcasting
 + Level 4.2 Transmutations
 - Level 6.0 Evocations


You had 12 spell levels left.
You knew the following spells:

 Your Spells              Type           Power      Damage    Failure   Level
a - Wereblood             Tmut           15%        N/A       1%          2

Your spell library contained the following spells:

 Spells                   Type           Power      Damage    Failure   Level
 Sublimation of Blood     Necr           1%         N/A       12%         2
 Summon Hydra             Summ           1%         N/A       100%        7


Dungeon Overview and Level Annotations

Branches:
Dungeon (7/15)             Temple (1/1) D:7

Altars:
Ashenzari
Fedhas
Gozag
Hepliaklqana
Makhleb
Okawaru
Qazlal
Ru
Sif Muna
Trog
Uskayaw
Vehumet
Wu Jian
Xom
Yredelemnul
The Shining One

Shops:
D:5 *

Annotations:
D:2 1 runed translucent door, Crazy Yiuf, Natasha
D:4 exclusion: door, Menkaure
D:6 Prince Ribbit


Innate Abilities, Weirdness & Mutations

Your serpentine skin is tough. (AC +2)
You have supernaturally acute eyesight. (SInv)
Armour fits poorly on your strangely shaped body.
Your system is resistant to poisons. (rPois)
You cover ground very slowly.
You can spit poison.
You have a snake-like lower body.


Message History

The slime creature is lightly wounded.
You hear a shout!
The slime creature hits you but does no damage.
An orc comes into view. It is wielding a +0 hand axe.
You hit the slime creature. You freeze the slime creature.
The slime creature is lightly wounded.
The slime creature hits you but does no damage.
Okay, then.
Casting: Wereblood (safe; 1% risk of failure)
Confirm with . or Enter, or press ? or * to list all spells.
Your blood is infused with primal strength.
The slime creature hits you.
Unknown command.
You hit the orc wizard. You freeze the orc wizard.
The orc wizard is lightly wounded.
You hit the slime creature. You freeze the slime creature. You hit the orc.
You freeze the orc.
You feel a bit better.
You kill the orc!
The slime creature barely misses you.
The orc wizard hits you but does no damage.
You hit the orc wizard. You freeze the orc wizard.
The orc wizard is severely wounded.
You hit the slime creature. You freeze the slime creature.
The slime creature barely misses you.
The orc wizard gestures at you while chanting.
The puff of flame hits you!
You barely miss the orc wizard.
The orc wizard is severely wounded.
You hit the slime creature. You freeze the slime creature. You hit the orc.
You freeze the orc.
You howl as the wereblood boils in your veins!
The slime creature jiggles.
The slime creature hits you! The orc hits you with a +0 morningstar!
You closely miss the orc. You slash the slime creature!
You freeze the slime creature. You hit the orc wizard.
You freeze the orc wizard. You completely miss the orc.
The slime creature hits you!!
* * * LOW HITPOINT WARNING * * *
The orc wizard barely misses you. The orc hits you with a +0 morningstar!
You die...

#.......#
#.......#
#......#
+.......#
#......#
#.......#
#......#
#.....#
#......#
#....?#
#......#
#.....#
#......#
#####.....#
#......#
..........#
#.o@...#
..........#
#.Joo..#
..[....>..#
#..o...#
..........#
#......#
..........#
#......#
.....(....#
#......#
..........#
#......#
..######'##
#......#
..#.......#


You could see a slime creature, an orc wizard (invisible) and 3 orcs.

Vanquished Creatures
  Duvessa (D:7)
  A water moccasin (D:6)
  2 ice beasts (D:5)
  A centaur (D:5)
  3 ogres
  A phantom (D:5)
  A scorpion (D:5)
  Dowan (D:7)
  A howler monkey (D:5)
  A hound (D:7)
  A gnoll shaman (D:3)
  An orc priest (D:5)
  2 iguanas
  An orc wizard (D:5)
  A killer bee zombie (D:6)
  A hound skeleton (D:4)
  5 gnolls
  5 adders
  A shadow imp (D:4)
  A white imp (D:7)
  2 worms
  3 dart slugs
  17 orcs
  8 endoplasms
  7 giant cockroaches
  9 goblins
  8 hobgoblins
  14 jackals
  8 quokkas
  7 ball pythons
  6 bats
  4 frilled lizards
  5 kobolds
  3 rats
133 creatures vanquished.

Vanquished Creatures (others)
  5 withered plants (D:1)
5 creatures vanquished.

Grand Total: 138 creatures vanquished

Notes
Turn   | Place    | Note
-------+----------+-------------------------------------------
     0 | D:1      | MajorAdolf the Naga Wanderer began the quest for the Orb.
     0 | D:1      | MajorAdolf set off with the following items: a +2 dagger, a
                  | potion of berserk rage, a +0 ring mail, a +0 hand axe
     0 | D:1      | Reached XP level 1. HP: 15/15 MP: 1/1
   241 | D:2      | Reached XP level 2. HP: 16/22 MP: 2/2
   677 | D:2      | Reached XP level 3. HP: 28/28 MP: 3/3
   733 | D:2      | Noticed Natasha
   868 | D:2      | Reached skill level 5 in Stealth
  1583 | D:2      | Reached skill level 1 in Fighting
  2123 | D:1      | Reached XP level 4. HP: 39/39 MP: 4/4
  2222 | D:1      | Found a faded altar of an unknown god.
  2283 | D:1      | You fall into a shaft and drop 1 floor!
  2604 | D:2      | Found a runed translucent door.
  2605 | D:2      | Noticed Crazy Yiuf
  3453 | D:3      | Found an iron altar of Okawaru.
  3533 | D:2      | Reached XP level 5. HP: 42/49 MP: 5/5
  4088 | D:3      | Reached skill level 2 in Evocations
  4465 | D:4      | Noticed an ogre
  4470 | D:4      | Killed an ogre
  4471 | D:4      | Reached skill level 3 in Evocations
  4471 | D:4      | Reached XP level 6. HP: 56/56 MP: 6/6
  4492 | D:3      | Reached skill level 4 in Evocations
  5482 | D:4      | Found an opulent altar of Gozag.
  5482 | D:4      | Noticed Menkaure
  5663 | D:4      | Reached skill level 5 in Evocations
  5663 | D:4      | Reached XP level 7. HP: 62/62 MP: 7/7
  5903 | D:5      | Entered Level 5 of the Dungeon
  5940 | D:5      | Learned a level 2 spell: Wereblood
  5986 | D:5      | Reached skill level 1 in Transmutations
  6179 | D:5      | Found Biukikiwn's General Store.
  6212 | D:5      | Found a hazy altar of Hepliaklqana.
  6222 | D:5      | Reached skill level 1 in Spellcasting
  6264 | D:5      | Reached skill level 6 in Evocations
  6952 | D:5      | Reached XP level 8. HP: 54/69 MP: 11/11
  7213 | D:6      | Found a burning altar of Makhleb.
  7463 | D:6      | Noticed Prince Ribbit
  7507 | D:7      | Found a staircase to the Ecumenical Temple.
  7527 | Temple   | Entered the Ecumenical Temple
  7695 | Temple   | Became a worshipper of Ru the Awakened
  7732 | D:7      | Noticed Duvessa
  7734 | D:7      | Noticed Dowan
  7741 | D:7      | Killed Duvessa
  7742 | D:7      | Reached skill level 5 in Axes
  7755 | D:7      | Killed Dowan
  7863 | D:7      | Noticed a slime creature
  7883 | D:7      | Noticed a slime creature
  7886 | D:7      | Noticed a slime creature
  7896 | D:6      | Slain by an orc

Illustrated notes

Levels and vault maps discovered:
D:1:      lemuel_arrival_funnel, layout_rooms,
          ebering_ecumenical_altar_petrified
D:2:      layout_loops_ring, hangedman_decor_growths, uniq_natasha,
          uniq_crazy_yiuf_cottage
D:3:      layout_rooms, amcnicky_altar_gilded, nrook_mini_backslash,
          chequers_serial_rivers_micro_e
D:4:      layout_rooms, grunt_temple_overflow_opulence, feat_on_display,
          uniq_menkaure
D:5:      layout_basic, mainiacjoe_overflow_surrounded_room, serial_shops, shop,
          grunt_decor_one_mirror
D:6:      layout_gridville, old_standard_altar, patterned_corridor,
          uniq_prince_ribbit1
D:7:      layout_cave_pods, slow_altar_2, minmay_temple_entry_glass,
          gammafunk_ghost_arena, small_statue_intersection, uniq_duvessa
Temple:   minmay_temple_bridge_abc

Skill      XL: |  1  2  3  4  5  6  7  8 |
---------------+-------------------------+-----
Stealth        | 3 4 5 |  5.0
Fighting       | 1 3 |  3.0
Evocations     | 3 5 6 |  6.0
Transmutations | 2 4 |  4.2
Spellcasting   | 2 3 |  3.8
Axes           | 5 |  5.1
Bows           | |  1.0
Armour         | |  2.4

Action                   |  1- 3 |  4- 6 |  7- 9 || total
-------------------------+-------+-------+-------++-------
Melee: Dagger            |    50 |    51 |       ||   101
       Hand axe          |       |    76 |   139 ||   215
 Cast: Wereblood         |       |       |     4 ||     4
 Abil: Spit Poison       |    31 |    55 |     9 ||    95
Evoke: Wand              |       |     8 |     5 ||    13
  Use: Scroll            |     4 |       |     3 ||     7
       Potion            |     1 |       |     2 ||     3
 Stab: Sleeping          |     1 |     1 |       ||     2
       Paralysed         |       |       |     1 ||     1
Armor: Robe              |    22 |    24 |    25 ||    71
Dodge: Dodged            |    30 |    63 |    78 ||   171
